 Dungeon Crawl Stone Soup version 0.22.0-6-g71bd7aa (webtiles) character file.

995 gyp21 the Magician (level 7, -3/53 HPs)
             Began as a Mummy Fire Elementalist on Aug 14, 2018.
             Was an Initiate of Sif Muna.
             Killed from afar by an orc wizard (6 damage)
             ... with a puff of flame
             ... on level 6 of the Dungeon.
             The game lasted 00:18:23 (6717 turns).

gyp21 the Magician (Mummy Fire Elementalist)        Turns: 6717, Time: 00:18:24

Health: -3/53      AC:  7    Str: 11    XL:     7   Next: 99%
Magic:  1/15       EV: 13    Int: 17    God:    Sif Muna [......]
Gold:   411        SH:  0    Dex: 12    Spells: 6/17 levels left

rFire    x . .     SeeInvis .   b - +0 hunting sling
rCold    + . .     Gourm    .   (no shield)
rNeg     + + +     Faith    .   l - +1 robe {MR+}
rPois    ∞         Spirit   .   i - +1 helmet
rElec    .         Reflect  .   (no cloak)
rCorr    .         Harm     .   n - +1 pair of gloves
MR       +....                  (no boots)
Stlth    ++........             (no amulet)
HPRegen  0.17/turn              (no ring)
MPRegen  0.14/turn              (no ring)

@: about to teleport, very slightly contaminated
A: no food or potions, fire vulnerability, cold resistance 1, negative energy
resistance 3, torment resistance, unbreathing
a: Renounce Religion


You were on level 6 of the Dungeon.
You worshipped Sif Muna.
Sif Muna was noncommittal.
You were not hungry.

You visited 2 branches of the dungeon, and saw 7 of its levels.

You collected 411 gold pieces.

Inventory:

Hand Weapons
 b - a +0 hunting sling (weapon)
 o - the +2 war axe "Ykoocal" {chop, Str+3}
   (You found it on level 5 of the Dungeon)

   It inflicts extra damage upon your enemies.
   It affects your strength (+3).
Missiles
 c - 61 stones (quivered)
 k - 104 sling bullets
Armour
 i - a +1 helmet (worn)
 l - a +1 robe of magic resistance (worn)
 n - a +1 pair of gloves (worn)
Magical Staves
 p - an uncursed staff of air
Wands
 a - a wand of acid (4)
 s - a wand of scattershot (4)
 t - a wand of iceblast (6)
Scrolls
 d - 3 scrolls of remove curse
 e - 2 scrolls of amnesia
 f - 2 scrolls of magic mapping
 g - a scroll of fog
 h - a scroll of enchant armour {unknown}
 j - 2 scrolls of enchant weapon {unknown}
 m - 2 scrolls of teleportation
 q - a scroll of summoning {unknown}
 r - 2 scrolls of identify


   Skills:
 + Level 3.9 Fighting
 + Level 3.7 Dodging
 - Level 1.5 Stealth
 + Level 5.5 Spellcasting
 + Level 3.3 Conjurations
 + Level 4.1 Fire Magic


You had 6 spell levels left.
You knew the following spells:

 Your Spells              Type           Power        Failure   Level  Hunger
a - Flame Tongue          Conj/Fire      ###..        3%          1    N/A
b - Conjure Flame         Conj/Fire      ###.....     9%          3    N/A
c - Sticky Flame          Conj/Fire      ###.....     28%         4    N/A
d - Mephitic Cloud        Conj/Pois/Air  #.......     26%         3    N/A

Your spell library contained the following spells:

 Spells                   Type           Power        Failure   Level  Hunger
 Magic Dart               Conj           ###.         3%          1    N/A
 Fireball                 Conj/Fire      ###.......   63%         5    N/A
 Slow                     Hex            #.......     21%         2    N/A
 Throw Flame              Conj/Fire      ###...       4%          2    N/A
 Blink                    Tloc           N/A          21%         2    N/A
 Call Imp                 Summ           #.......     21%         2    N/A
 Inner Flame              Hex/Fire       ##......     17%         3    N/A

Dungeon Overview and Level Annotations

Branches:
Dungeon (6/15)             Temple (1/1) D:5

Altars:
Ashenzari
Cheibriados
Dithmenos
Gozag
Hepliaklqana
Kikubaaqudgha
Makhleb
Nemelex Xobeh
Okawaru
Qazlal
Ru
Sif Muna
Uskayaw
Wu Jian
Xom
Zin

Annotations:
D:5 2 transporters, feelmyfire's ghost, novice DrCj


Innate Abilities, Weirdness & Mutations

You do not eat or drink.
Your flesh is vulnerable to fire.
You are immune to poison.
Your flesh is cold resistant. (rC+)
You are immune to negative energy. (rN+++)
You are immune to unholy pain and torment.
You can survive without breathing.


Message History

Aim: an orc wizard, wielding a dagger and wearing a robe (heavily wounded, fast)
You shoot a stone. The stone barely misses the orc wizard.
The orc wizard hits you with a dagger.
* * * LOW HITPOINT WARNING * * *
The orc hits you with a flail.
* * * LOW HITPOINT WARNING * * *
The orc wizard hits you with a dagger.
* * * LOW HITPOINT WARNING * * *
Unknown command.
The orc wizard hits you with a dagger.
* * * LOW HITPOINT WARNING * * *
As you read the scroll of teleportation, it crumbles to dust.
You feel strangely unstable.
The orc wizard gestures at you while chanting.
The puff of frost hits you! You resist.
* * * LOW HITPOINT WARNING * * *
The orc barely misses you. The orc wizard casts a spell at you.
The puff of flame hits you! The fire burns you terribly!
You die...

#.# #.# #.# #.# #.# #.#
#.# #.## # .. #.###
###..# .# ...
#...###....##..# ....
#........(.(.)(# ..[.#
##......o...†).##
>....####..##.@o......##
#....>##..####...##.(##
#........## ##..###.#
.###...## #.)## #(#
#...# #..## #.#
##...####.## #(#
##.##..##.#
#####.####....# .##..##
##...##


You could see an orc wizard and an orc.

Vanquished Creatures
  An orc warrior (D:6)
  A sky beast (D:5)
  An ice beast (D:6)
  2 bullfrogs
  A howler monkey (D:3)
  2 centaur zombies
  An orc priest (D:3)
  A hound (D:5)
  An orc wizard (D:4)
  Jessica (D:3)
  2 iguanas (D:4)
  3 worker ants (D:4)
  Natasha (thrice) (D:3)
  4 gnolls
  6 adders
  An ooze (D:3)
  2 worms (D:2)
  2 dart slugs
  A leopard gecko (D:3)
  8 orcs
  7 giant cockroaches
  5 goblins
  6 hobgoblins
  5 jackals
  4 kobolds
  A quokka (D:4)
  9 bats
  6 frilled lizards
  A quokka skeleton (D:4)
  7 rats
95 creatures vanquished.

Notes
Turn   | Place    | Note
-------+----------+-------------------------------------------
     0 | D:1      | gyp21 the Mummy Fire Elementalist began the quest for the Orb.
     0 | D:1      | Reached XP level 1. HP: 13/13 MP: 4/4
   593 | D:1      | Reached skill level 1 in Conjurations
   743 | D:1      | Reached XP level 2. HP: 20/20 MP: 2/5
  1032 | D:1      | Reached skill level 3 in Spellcasting
  1607 | D:2      | Reached skill level 1 in Fighting
  1678 | D:2      | Reached XP level 3. HP: 26/26 MP: 7/7
  2879 | D:3      | Reached XP level 4. HP: 30/32 MP: 7/9
  3075 | D:3      | Learned a level 3 spell: Conjure Flame
  3080 | D:3      | Learned a level 4 spell: Sticky Flame
  3084 | D:3      | Noticed Natasha
  3096 | D:3      | Killed Natasha
  3225 | D:3      | Reached XP level 5. HP: 18/38 MP: 4/10
  3390 | D:3      | Learned a level 3 spell: Mephitic Cloud
  3405 | D:3      | Noticed Natasha
  3421 | D:3      | Killed Natasha
  3848 | D:3      | Reached skill level 4 in Spellcasting
  3904 | D:3      | Reached XP level 6. HP: 45/46 MP: 8/12
  4071 | D:3      | Noticed Jessica
  4077 | D:3      | Killed Jessica
  4232 | D:3      | Noticed Natasha
  4246 | D:3      | Killed Natasha
  4725 | D:4      | Reached XP level 7. HP: 46/52 MP: 10/13
  5125 | D:5      | Entered Level 5 of the Dungeon
  5260 | D:5      | Got a faintly glowing war axe
  5265 | D:5      | Identified the +2 war axe "Ykoocal" {chop, Str+3} (You found it on level 5 of the Dungeon)
  5282 | D:5      | Found a staircase to the Ecumenical Temple.
  5476 | D:5      | Reached skill level 5 in Spellcasting
  5507 | D:5      | Noticed feelmyfire's ghost (novice DrCj)
  5509 | D:5      | Found a transporter.
  5612 | Temple   | Entered the Ecumenical Temple
  5715 | Temple   | Became a worshipper of Sif Muna the Loreminder
  5885 | D:5      | Found a transporter.
  6717 | D:6      | Killed from afar by an orc wizard

Skill      XL: |  1  2  3  4  5  6  7 |
---------------+----------------------+-----
Conjurations   | 1 2 3 |  3.3
Spellcasting   | 3 4 5 |  5.5
Fighting       | 1 2 3 |  3.9
Dodging        | 2 3 |  3.7
Fire Magic     | 3 4 |  4.1
Stealth        | |  1.5

Action                   |  1- 3 |  4- 6 |  7- 9 || total
-------------------------+-------+-------+-------++-------
Melee: Unarmed           |    27 |       |       ||    27
 Fire: Hunting sling     |    55 |   124 |    53 ||   232
 Cast: Flame Tongue      |    50 |    55 |    34 ||   139
       Mephitic Cloud    |       |     5 |     1 ||     6
       Sticky Flame      |       |       |     1 ||     1
  Use: Scroll            |       |       |     7 ||     7
Armor: Robe              |    12 |    19 |     9 ||    40
Dodge: Dodged            |    37 |    38 |    24 ||    99
